Map: Nightscape CE

Players

Entropy - Winner!

  • Race: Protoss Protoss
  • Spawn Location: 7:00

TomMulder - Winner!

  • Race: Protoss Protoss
  • Spawn Location: 7:00

Ekelpack

  • Race: Zerg Zerg
  • Spawn Location: 1:00

Nyck

  • Race: Terran Terran
  • League: Silver
  • Spawn Location: 1:00

VOD

Have the link to the VOD?

Description

Time

  • Played on: Oct. 29, 2024, 2:39 p.m.
  • Length: 6:49
Show
View Real Time Build Order
Export as new Build Order

Entropy Protoss - Winner!

Build Orders: 1 Gate Expand 

Get SALT Encoding   

  12  0:01  Probe  
  13  0:13  Probe  
  14  0:18  Pylon  
  14  0:25  Probe (Chrono Boost)  
  15  0:38  Probe (Chrono Boost)  
  15  0:39  Gateway  
  16  0:43  Assimilator  
  16  0:45  Probe (Chrono Boost)  
  17  0:54  Probe  
  18  1:06  Probe  
  19  1:20  Nexus  
  19  1:27  Pylon  
  19  1:30  Probe  
  20  1:45  Cybernetics Core  
  20  1:46  Assimilator  
  20  1:48  Probe  
  21  2:01  Forge  
  21  2:02  Probe  
  22  2:23  Probe  
  22  2:24  Warp Gate  
  23  2:30  Robotics Facility  
  23  2:32  Protoss Ground Weapons Level 1 (Chrono Boost)  
  23  2:33  Probe  
  24  2:42  Probe  
  25  2:50  Probe  
  26  2:53  Zealot  
  28  3:05  Probe  
  29  3:13  Gateway  
  29  3:15  Gateway  
  29  3:16  Probe  
  30  3:25  Twilight Council, Probe  
  31  3:47  Pylon  
  31  3:56  Charge (Chrono Boost), Warp Prism (Chrono Boost)  
  33  4:10  Gateway  
  33  4:12  Gateway  
  33  4:13  Gateway  
  33  4:14  Protoss Ground Weapons Level 2 (Chrono Boost)  
  33  4:20  Zealot x3  
  39  4:24  Pylon  
  39  4:32  Pylon  
  39  4:34  Immortal  
  43  4:41  Pylon  
  43  4:46  Probe  
  43  4:52  Zealot x3  
  50  5:13  Pylon  
  50  5:20  Zealot x4  
  50  5:21  Zealot x2  
  62  5:45  Stalker x2  
  62  5:47  Zealot  
  68  5:53  Stalker  
  66  6:11  Assimilator  
  66  6:12  Assimilator  
  66  6:20  Zealot x3  
  66  6:21  Zealot x3  
Show
View Real Time Build Order
Export as new Build Order

TomMulder Protoss - Winner!

Build Orders: 1 Gate Expand, Blink Stalkers 

Get SALT Encoding   

  12  0:01  Probe  
  13  0:13  Probe  
  14  0:21  Pylon  
  14  0:25  Probe  
  15  0:39  Probe  
  15  0:40  Gateway  
  16  0:47  Assimilator  
  16  0:51  Probe (Chrono Boost)  
  17  1:03  Probe (Chrono Boost)  
  18  1:08  Probe (Chrono Boost)  
  19  1:27  Nexus  
  19  1:35  Cybernetics Core  
  19  1:37  Pylon  
  19  1:42  Assimilator  
  19  1:44  Probe  
  20  1:56  Probe  
  21  2:08  Probe  
  21  2:09  Stalker (Chrono Boost)  
  21  2:11  Warp Gate (Chrono Boost)  
  24  2:25  Twilight Council  
  24  2:29  Gateway  
  24  2:36  Gateway  
  24  2:53  Stalker  
  26  3:10  Blink (Chrono Boost)  
  26  3:19  Probe x2  
  28  3:31  Probe x2  
  30  3:43  Pylon, Probe x2  
  32  3:55  Probe  
  33  4:03  Probe  
  33  4:07  Shield Battery, Probe  
  33  4:08  Shield Battery  
  35  4:11  Stalker x3  
  41  4:20  Robotics Facility  
  41  4:22  Pylon  
  41  4:26  Probe x2, Pylon  
  43  4:42  Stalker  
  43  4:43  Stalker x2  
  49  4:54  Probe x2  
  49  4:58  Assimilator  
  51  5:04  Charge  
  51  5:06  Probe  
  52  5:12  Stalker x3  
  58  5:18  Observer (Chrono Boost)  
  59  6:09  Stalker  
  59  6:10  Stalker x2  
  65  6:16  Forge  
Show
View Real Time Build Order
Export as new Build Order

Ekelpack Zerg 

Build Orders: Hatch First 

Get SALT Encoding   

  12  0:00  Drone  
  13  0:13  Overlord  
  13  0:18  Drone  
  14  0:31  Drone  
  15  0:48  Hatchery  
  15  0:49  Drone  
  15  1:04  Spawning Pool  
  15  1:06  Drone  
  15  1:13  Extractor  
  15  1:14  Drone  
  15  1:15  Drone  
  16  1:21  Drone  
  17  1:30  Drone  
  18  1:40  Drone  
  19  1:52  Queen  
  21  1:56  Drone  
  21  2:00  Queen  
  24  2:02  Drone  
  25  2:11  Overlord  
  25  2:13  Drone  
  25  2:14  Drone  
  27  2:19  Extractor  
  27  2:21  Drone  
  27  2:25  Drone  
  28  2:35  Drone  
  28  2:36  Lair  
  29  2:37  Drone  
  29  2:43  Queen  
  32  2:47  Drone  
  32  2:51  Drone  
  34  2:57  Drone  
  35  2:59  Extractor  
  35  3:03  Drone x2  
  35  3:04  Overlord  
  36  3:09  Extractor  
  36  3:10  Drone  
  36  3:26  Drone x3  
  39  3:31  Drone  
  40  3:36  Spire  
  40  3:37  Drone  
  40  3:44  Drone x2  
  40  3:45  Drone  
  40  3:48  Drone  
  44  3:50  Overlord  
  44  4:07  Overlord  
  44  4:10  Drone  
  44  4:15  Drone  
  46  4:33  Overlord  
  46  4:47  Overlord  
  46  4:49  Mutalisk  
  46  4:50  Mutalisk x5  
  46  4:51  Mutalisk x4  
  66  4:53  Zerg Flyer Weapons Level 1  
  66  5:10  Overlord  
  66  5:14  Hatchery  
  65  5:24  Overlord  
  65  5:30  Infestation Pit  
  64  5:36  Zergling x14  
  64  5:37  Zergling x4  
  41  6:04  Mutalisk x3  
Show
View Real Time Build Order
Export as new Build Order

Nyck Terran 

Build Orders:  

Get SALT Encoding   

  12  0:00  SCV  
  13  0:12  SCV  
  14  0:17  Supply Depot  
  14  0:24  SCV  
  15  0:38  SCV  
  15  0:41  Barracks  
  16  0:45  Refinery  
  16  0:52  SCV  
  17  1:04  SCV  
  18  1:17  SCV  
  19  1:30  Command Center  
  19  1:34  SCV  
  20  1:48  Reaper  
  20  1:52  Supply Depot  
  21  1:59  Orbital Command  
  21  2:06  Refinery  
  21  2:27  SCV  
  22  2:39  SCV  
  22  2:42  Barracks Tech Lab  
  23  2:46  Orbital Command  
  23  2:51  SCV  
  24  3:09  SCV  
  24  3:12  SCV  
  26  3:15  Refinery  
  26  3:17  Refinery  
  26  3:19  Concussive Shells  
  26  3:21  SCV, Marauder  
  26  3:24  SCV  
  30  3:27  Engineering Bay  
  30  3:33  SCV  
  31  3:36  SCV  
  32  3:45  SCV  
  34  3:48  SCV  
  34  3:57  SCV  
  34  4:00  SCV  
  36  4:06  Combat Shield  
  36  4:09  SCV  
  37  4:10  Factory  
  37  4:11  Terran Infantry Weapons Level 1  
  37  4:12  SCV  
  38  4:21  SCV  
  39  4:24  SCV  
  38  4:33  SCV  
  38  4:36  SCV  
  40  4:46  SCV  
  40  4:49  SCV  
  40  4:51  Barracks  
  42  4:53  Barracks  
  42  4:59  SCV  
  43  5:03  Command Center  
  43  5:08  SCV  
  43  5:11  SCV  
  45  5:17  Supply Depot  
  45  5:25  Starport  
  45  5:26  Factory Reactor  
  45  5:31  Armory  
  45  5:39  Supply Depot  
  44  5:54  Marauder  
  44  5:55  Marine  
  48  6:02  Supply Depot  
  43  6:24  Supply Depot  
  32  6:28  SCV  
  23  6:49  Supply Depot  
Tags
 
Add a new tag
Caveats
  • Supply blocks, unpowered buildings, or Contaminate may cause inaccurate times.
  • Supply counts are checked every 10 seconds.